Map: Proxima Station LE

Players

Juxtapose

  • Race: Zerg Zerg
  • Spawn Location: 7:00

Robotron - Winner!

  • Race: Zerg Zerg
  • League: Gold
  • Spawn Location: 1:00

VOD

https://youtu.be/cAQg0nMn8n8

Description

Once again, strong early Zerg aggression that just rocked me. After this match, I started thinking more about going Hatchery first as opposed to Spawning Pool first.

This is also my final placement match for Ranked!

Time

  • Played on: July 16, 2017, 3:05 p.m.
  • Length: 5:14
Show
View Real Time Build Order
Export as new Build Order

Juxtapose Zerg 

Build Orders: Pool First 

Get SALT Encoding   

  12  0:01  Drone  
  13  0:13  Overlord  
  13  0:18  Drone  
  14  0:32  Drone x2  
  16  0:49  Drone, Spawning Pool  
  17  0:50  Drone  
  17  0:57  Drone  
  18  1:08  Drone  
  19  1:14  Extractor  
  18  1:19  Overlord  
  18  1:33  Hatchery  
  18  1:37  Drone  
  18  1:39  Queen  
  20  1:51  Zergling x2  
  20  1:52  Zergling x2  
  22  2:08  Drone  
  23  2:22  Drone, Spine Crawler  
  23  2:23  Overlord  
  23  2:33  Drone  
  24  2:39  Extractor  
  24  2:42  Queen  
  25  2:47  Drone  
  25  2:50  Drone x3  
  30  2:51  Drone  
  30  3:13  Drone x2  
  30  3:16  Overlord  
  30  3:17  Overlord  
  32  3:26  Spine Crawler  
  31  3:27  Drone  
  31  3:29  Drone x3  
  35  3:52  Lair  
  35  3:58  Drone  
  35  4:00  Drone x5  
  35  4:01  Drone  
  40  4:14  Zergling x10  
  30  4:36  Zergling x4  
  30  4:37  Zergling x6  
  10  4:53  Zergling x4  
Show
View Real Time Build Order
Export as new Build Order

Robotron Zerg - Winner!

Build Orders: Hatch First 

Get SALT Encoding   

  12  0:01  Drone  
  13  0:11  Drone  
  14  0:16  Overlord  
  14  0:36  Drone x3  
  17  0:47  Drone  
  18  1:04  Hatchery  
  17  1:13  Spawning Pool  
  17  1:16  Extractor  
  15  1:19  Drone  
  16  1:27  Drone x2  
  18  1:33  Drone  
  19  1:41  Overlord  
  19  2:00  Queen  
  19  2:01  Zergling x2  
  22  2:02  Zergling x2  
  23  2:13  Zergling x2  
  24  2:16  Queen  
  24  2:17  Zergling x2  
  24  2:22  Metabolic Boost  
  27  2:24  Zergling x2  
  27  2:27  Drone  
  29  2:37  Zergling x4  
  31  2:47  Baneling Nest  
  30  2:54  Zergling x4  
  32  3:04  Zergling x4  
  34  3:11  Zergling x4  
  34  3:12  Overlord  
  36  3:20  Overlord  
  36  3:22  Overlord  
  36  3:30  Zergling x2, Overlord  
  37  3:41  Zergling x6  
  40  3:44  Drone  
  41  3:51  Drone x2  
  41  3:54  Drone  
  44  4:00  Drone x2  
  44  4:01  Baneling  
  45  4:14  Zergling x8  
  47  4:19  Zergling x2  
  47  4:20  Zergling x2  
  47  4:33  Zergling x8  
  47  4:34  Zergling x2  
  49  4:43  Zergling x2  
  47  4:47  Zergling x4  
  47  4:56  Zergling x2  
Tags
 
Add a new tag
Caveats
  • Supply blocks, unpowered buildings, or Contaminate may cause inaccurate times.
  • Supply counts are checked every 10 seconds.